Unix NetHack Version 3.7.0-89 Work-in-progress - last build Sep 24 2023 19:26:52 (48e034876007844a536bf88644040a71d2893410,branch:master). Game began 2023-10-23 10:44:21, ended 2023-10-23 11:52:01. Hill, lawful female dwarven Valkyrie ------ |....| |..|.| ---|.| |.| ---..... |.--- |....... |...| |.|...-- ---.|..---. |.. --.| -YG........ --*.- --..| ...........------....|.. --..-- -......................-- --..-- .............-.---....... --..-- .... ...... |.....................-----|..-- -... ..........................--.-| |... --.--.---.....--.--.-----.....| ---. --- ---.-- Hill the Yeti St:18/** Dx:9 Co:19 In:7 Wi:9 Ch:11 Lawful S:2180 Dlvl:8 $:834 HP:27(27) Pw:9(9) AC:-2 HD:5 T:3664 Latest messages: You miss the Woodland-elf. The Woodland-elf thrusts her elven dagger. The Woodland-elf hits! You hit the Woodland-elf! The Woodland-elf thrusts her elven dagger. The Woodland-elf misses! You hit the Woodland-elf! The Woodland-elf thrusts her elven dagger. The Woodland-elf hits! You kill the Woodland-elf! There are several objects here. The gnome lord drinks a potion of gain level! The gnome lord seems more experienced. With great effort you move the boulder. You try to move the boulder, but in vain. You try to move the boulder, but in vain. You see here a food ration. l - a food ration. There's a gaping hole under you! You swap places with the peaceful gnome. The tengu appears close by! You see here a gem called white glass. m - a gem called white glass. What do you want to drop? [$a-nprtuwE-GJ-NPTUWY or ?*] m You drop a gem called white glass. The tengu vanishes! The tengu vanishes! The tengu appears close by! You see here a scroll labeled PRATYAVAYAH. The tengu vanishes and reappears next to you. o - a scroll labeled PRATYAVAYAH. The tengu vanishes and reappears close by. The tengu vanishes! Pick an object. You see here a pink potion. q - a pink potion. What do you want to use or apply? [ikwPU or ?*] q Sorry, I don't know how to use that. You swap places with the peaceful little dog. You step onto a polymorph trap! You feel a change coming over you. You turn into a yeti! You break out of your armor! Your cloak tears apart! You swap places with the peaceful gnome. You stop. The gnome is in the way! You swap places with the peaceful gnome. You kill the gecko! Really quit? [yn] (n) y Do you want your possessions identified? [ynq] (y) q Inventory: Coins $ - 834 gold pieces Weapons h - 9 cursed -1 silver arrows K - a +0 dart b - a +0 dagger a - a corroded +1 dwarvish spear (weapon in hand) t - a +0 aklys Y - a blessed rusty +4 dwarvish short sword Armor G - an uncursed +1 orcish helm (being worn) u - a blessed +0 pair of iron shoes (being worn) c - an uncursed +3 small shield (being worn) Comestibles r - an uncursed candy bar labeled "Apollo" d - an uncursed food ration l - an uncursed food ration J - an uncursed egg Scrolls o - an uncursed scroll of confuse monster g - an uncursed scroll of light Potions e - an uncursed potion of paralysis T - an uncursed potion of see invisible q - a cursed potion of speed Rings n - a cursed -1 ring of protection Wands i - a wand of undead turning (0:4) Tools U - an uncursed blindfold w - an uncursed magic whistle P - a +0 pick-axe (alternate weapon; not wielded) k - an uncursed skeleton key Gems/Stones M - an uncursed chrysoberyl stone j - an uncursed jasper stone E - an uncursed ruby W - 2 uncursed worthless pieces of black glass f - 2 uncursed worthless pieces of orange glass L - a cursed worthless piece of orange glass F - an uncursed worthless piece of yellow glass Hill the Valkyrie's attributes: Background: You were in female yeti form. You were actually a Skirmisher, a level 5 dwarven Valkyrie. You were lawful, on a mission for Tyr who was opposed by Odin (neutral) and Loki (chaotic). You were in the Gnomish Mines, on level 8. You entered the dungeon 3664 turns ago. Your score was 2180 before end-of-game adjustments. Basics: You had all 27 hit points. You had all 9 energy points (spell power). You had 5 hit dice. Your armor class was -2. Your wallet contained 834 zorkmids. Autopickup was off. Final Characteristics: Your strength was 18/100. Your dexterity was 9. Your constitution was 19. Your intelligence was 7. Your wisdom was 9. Your charisma was 11. Final Status: You were transformed. You were not hungry. You were unencumbered. You were wielding a spear. You had basic skill with spear. Final Attributes: You were piously aligned. You were cold resistant. You were telepathic. You were stealthy. You were polymorphed into a yeti. You survived. Miscellaneous: You never encountered a bones level. Total elapsed playing time was 1 hour, 7 minutes and 38 seconds. Major events: Turn 1: Hill the lawful dwarven Valkyrie entered the dungeon 923: entered the Gnomish Mines 1521: attained the rank of Skirmisher (level 3) 1655: reached Mine Town 3664: quit Vanquished creatures: 4 watchmen a giant spider a dwarf mummy a Woodland-elf a rock piercer 4 gnome leaders a gnomish wizard a giant ant 2 little dogs a floating eye 3 dwarves 2 hill orcs a rothe a rabid rat a werejackal 2 iguanas 2 acid blobs a coyote a hobbit 2 giant rats a brown mold a red mold 10 gnomes 3 geckos 9 jackals a fox 3 goblins 3 sewer rats a grid bug 2 lichens 2 kobold zombies 9 newts 78 creatures vanquished. No species were genocided or became extinct. Voluntary challenges: You read items or engraved 4 times. You engraved Elbereth 1 time. You never genocided any monsters. You never polymorphed an object. You used no wishes. Achievements: You entered the Gnomish Mines. You attained the rank of Skirmisher. You entered Minetown. You entered a shop. You entered a temple. The Dungeons of Doom: levels 1 to 2 Level 1: An altar to Tyr, a fountain. Level 2: An altar, a sink. Stairs down to The Gnomish Mines. The Gnomish Mines: levels 3 to 8 Level 3: Level 4: Level 5: Level 6: Many shops, a temple, some fountains. Level 7: Level 8: <- You were here. Farvel Hill the Valkyrie... You quit in The Gnomish Mines on dungeon level 8 with 2180 points, and 834 pieces of gold, after 3664 moves. You were level 5 with a maximum of 66 hit points when you quit.